Zazza, neutral female human Tourist ------ #......## ###|....|# -----.------- # -.-.--### #-...........| ### # #### ####|...........| --- ------# # ### |...........| |`. ...`|# # #### |......<....| -.. ...|# # # ##+...........| |.. --...|# # # ------------- |.. ....|# # # |..` |`..|# # # |l.. |...|# # # |...-----...|# # # |.....`.....|# ### # |`..@f....h`+#%######### # -----------.-# -|-.-# ### |...|# |..^.# ----- Zazza the Sightseer Experience level: 4 Strength: 25 Dexterity: 12 Constitution: 14 Intelligence: 11 Wisdom: 10 Charisma: 18 Health: 0(36) Energy: 16(16) Def: 10 Gold: 235 Moves: 3848 Dungeon seed: KkQ5JeM7LYHFlyPZ Game ID: Zazza_1596814088 Your Inventory: Coins $ - 235 gold pieces Weapons a - 21 +2 darts (in quiver) w - 8 +1 shuriken x - 2 +0 orcish daggers (wielded) Armor e - an uncursed +0 orcish helm r - a blessed +2 orcish helm (being worn) y - an uncursed burnt +0 alchemy smock (being worn) z - a blessed +0 Hawaiian shirt H - an uncursed +0 dwarvish mithril-coat (being worn) I - an uncursed +0 pair of leather gloves J - a blessed +0 pair of elven boots L - an uncursed burnt +0 pair of jumping boots (being worn) M - a blessed +0 pair of water walking boots O - an uncursed +0 helm of brilliance Q - an uncursed +0 elven cloak Y - an uncursed +0 pair of gauntlets of power (being worn) Comestibles c - 5 uncursed food rations d - 2 uncursed lembas wafers f - an uncursed tripe ration h - an uncursed slime mold Scrolls s - an uncursed scroll of gold detection u - a blessed scroll of taming B - an uncursed scroll of taming T - an uncursed scroll of identify X - an uncursed scroll of amnesia Spellbooks o - an uncursed spellbook of cone of cold p - an uncursed spellbook of cure blindness F - an uncursed spellbook of extra healing Potions t - a blessed potion of sleeping D - a cursed potion of speed K - an uncursed potion of monster detection P - an uncursed potion of sickness Rings v - a cursed ring of polymorph named cursed C - an uncursed ring of stealth G - an uncursed ring of regeneration Tools k - an expensive camera (0:42) l - an uncursed credit card m - a magic marker (0:75) E - an uncursed towel Gems n - an uncursed topaz stone q - an uncursed worthless piece of yellowish brown glass N - an uncursed fluorite stone Z - 2 uncursed worthless pieces of violet glass Spells and supernatural/magical abilities: Name Level Category Fail Memory W - pray for help -- divine ? -- Y - supernatural jump -- ability ? -- Your skills at the end: Fighting Skills Weapon Skills dart [Basic] Spellcasting Skills Final Attributes: You were piously aligned. You were poison resistant. You were acid resistant. You were telepathic. You could jump. You are dead. Vanquished creatures: a large mimic a dingo an imp an orc shaman a rock piercer a shrieker an elf zombie a straw golem a floating eye a homunculus a rothe a werejackal an iguana 2 acid blobs 6 coyotes 5 manes 2 hobgoblins 5 giant rats 2 yellow molds a green mold 4 garter snakes a gecko 12 jackals 2 foxes a kobold 5 goblins 5 grid bugs 2 bats 3 lichens 2 kobold zombies a newt 74 creatures vanquished. Voluntary challenges: You used a wielded weapon 26 times, starting on turn 1080. You had been a pacifist until turn 2082. You read items or engraved 6 times, starting on turn 165. You never genocided any monsters. You never polymorphed an object. You never changed form. You used no wishes. You never split a pudding. You wrote Elbereth's name 1 time, starting on turn 1650. You never violated your personal moral code. Dungeon overview: The Dungeons of Doom: levels 1 to 8 Level 1 a long staircase Level 2 a weapon shop, a fountain, a sink Level 3 a long staircase Level 4 an armor shop, some fountains Level 5 a fountain Level 6 Level 7 a fountain Level 8 <- You were here History has recorded: On T:1 you entered the Dungeons of Doom to retrieve the Amulet of Yendor! On T:307 you reached level 2 of The Dungeons of Doom. On T:729 you reached level 3 of The Dungeons of Doom. On T:1295 you reached level 4 of The Dungeons of Doom. On T:1897 you reached level 5 of The Dungeons of Doom. On T:2579 you advanced to experience level 2. On T:2968 you reached level 6 of The Dungeons of Doom. On T:3114 you advanced to experience level 3. On T:3298 you reached level 7 of The Dungeons of Doom. On T:3695 you reached level 8 of The Dungeons of Doom. On T:3846 you advanced to experience level 4. Score breakdown: Gold: 227 ( 8020 points) Experience: 4 levels ( 9649 points) Exploration: 8 levels ( 16.67%) (11577 points) Discoveries: 8 items ( 2.68%) ( 4915 points) Valuables value: (no points given unless you survive) Artifact value: 0 ( 0 points) Variety of kills: 31 monsters ( 8.14%) ( 8557 points) Turncount: 3848 turns ( -967 points) Survival: died (score multiplied by 80%) Total score: 33400 Latest messages: The bolt of fire hits you! Your boots smoulder! You see here a statue of a forest centaur. You displace Armand. Armand bites the coyote. The coyote is killed! The coyote just misses! You miss the coyote. The coyote bites! You kill the coyote! You see here a coyote corpse. The iguana bites! You hit the iguana! You kill the iguana! Welcome to experience level 4. You kill the coyote! Armand eats a coyote corpse. The hobbit zaps an iridium wand! The bolt of fire hits Armand! The bolt of fire hits you! Your apron smoulders! You die... Final status: Aloha Zazza the Tourist, killed by a bolt of fire... You died in The Dungeons of Doom on dungeon level 8 with 33400 points, and 235 pieces of gold, after 3848 moves. You were level 4 with a maximum of 36 hit points when you died.